 Dungeon Crawl Stone Soup version 0.28.0-43-g3370ac3207 (webtiles) character file.

Game seed: 3240352049156120337

32 protoss039 the Sneak (level 3, -3/16 HPs)
             Began as a Spriggan Enchanter on Mar 17, 2022.
             Killed by nerve-wracking pain
             ... invoked by an orc priest
              (10 damage)
             ... on level 2 of the Dungeon.
             The game lasted 00:03:40 (1835 turns).

protoss039 the Sneak (Spriggan Enchanter)           Turns: 1835, Time: 00:03:40

Health: -3/16      AC:  2    Str:  4    XL:     3   Next: 10%
Magic:  2/8        EV: 17    Int: 16    God:
Gold:   39         SH:  0    Dex: 17    Spells: 5/7 levels left

rFire   . . .      SeeInvis +   h - +1 dagger (elec)
rCold   . . .      Faith    .   (no shield)
rNeg    . . .      Spirit   .   b - +0 robe
rPois   .          Reflect  .   (helmet restricted)
rElec   .          Harm     .   (no cloak)
rCorr   .          Rampage  .   (gloves unavailable)
Will    .....                   (boots unavailable)
Stlth   +++.......              (no amulet)
HPRegen 0.05/turn               (no ring)
MPRegen 0.11/turn               (no ring)

@: very quick
A: very small, no large weapons, unfitting armour, see invisible, speed 3
a: no special abilities


You were on level 2 of the Dungeon.
You visited 1 branch of the dungeon, and saw 2 of its levels.

You collected 39 gold pieces.

Inventory:

Hand Weapons
 h - a +1 dagger of electrocution (weapon)
Armour
 b - a +0 robe (worn)
Scrolls
 d - 2 scrolls of identify {unknown}
 e - 2 scrolls of blinking {unknown}
 f - a scroll of noise {unknown}
Potions
 c - a potion of invisibility
 g - a potion of magic {unknown}


   Skills:
 + Level 1.1 Short Blades
 + Level 2.8 Dodging
 * Level 5.2 Stealth
 + Level 2.9 Spellcasting
 + Level 4.2 Hexes
 * Level 0.7 Ice Magic


You had 5 spell levels left.
You knew the following spells:

 Your Spells              Type           Power      Damage    Failure   Level
a - Ensorcelled Hibernat  Hex/Ice        20%        N/A       11%         2

Your spell library contained the following spells:

 Spells                   Type           Power      Damage    Failure   Level
 Confusing Touch          Hex            15%        N/A       10%         3
 Tukima's Dance           Hex            15%        N/A       10%         3
 Dazzling Flash           Conj/Hex       18%        N/A       24%         3
 Conjure Flame            Conj/Fire      2%         6-21      50%         3
 Ignite Poison            Fire/Tmut/Pois 2%         N/A       50%         3
 Sticky Flame             Conj/Fire      2%         2d3       88%         4


Dungeon Overview and Level Annotations

Branches:
Dungeon (2/15)

Altars:

Shops:
D:2 :


Innate Abilities, Weirdness & Mutations

You are very small and have problems with some larger weapons.
You are too small for most types of armour.
You have supernaturally acute eyesight. (SInv)
You cover ground extremely quickly. (Speed+++)


Message History

You start resting.
A rat is nearby!
You start resting.
Magic restored.
You start waiting.
A rat is nearby!
Casting: Ensorcelled Hibernation (safe; 11% risk of failure)
Confirm with . or Enter, or press ? or * to list all spells.
Aiming: Ensorcelled Hibernation (safe; 11% risk of failure)
Press: ? - help, Shift-Dir - straight line, f - rat
Aim: a rat (chance to affect: 62%)
The rat looks drowsy...
The helpless rat fails to defend itself.
You impale the rat!!
You kill the rat!
You start resting.
An orc priest is nearby!
Casting: Ensorcelled Hibernation (safe; 11% risk of failure)
Confirm with . or Enter, or press ? or * to list all spells.
Aiming: Ensorcelled Hibernation (safe; 11% risk of failure)
Press: ? - help, Shift-Dir - straight line, f - orc priest
Aim: an orc priest, wielding a +0 dagger and wearing a +0 ring mail (chance to affect: 44%)
The orc priest resists with some effort.
The orc priest casts a cantrip, but nothing happens.
You hit the orc priest but do no damage.
The orc priest mumbles some strange prayers to Beogh against you.
Beogh smites you!
Ouch! That really hurt!
Casting: Ensorcelled Hibernation (safe; 11% risk of failure)
Confirm with . or Enter, or press ? or * to list all spells.
Aiming: Ensorcelled Hibernation (safe; 11% risk of failure)
Press: ? - help, Shift-Dir - straight line, f/p - orc priest
Aim: an orc priest, wielding a +0 dagger and wearing a +0 ring mail (chance to affect: 44%)
The orc priest resists with some effort.
The orc priest barely misses you.
You barely miss the orc priest.
The orc priest invokes the aid of Beogh against you.
Pain shoots through your body!
Ouch! That really hurt!
You die...

#.# #.# #.# #.# #.#
#.# #.# #.# #.# #.#
#.# #.# #.# #.#
#####.# #.# #..@..#
#.# ### ##o#..#
#.###.. #.#..#
#>.....
#.#..########.###.#
#.#............∩...
#.#.#########......
#.#................
#.###########.#....
#.# #......


You could see an orc priest.

Vanquished Creatures
  A dart slug (D:1)
  2 orcs (D:2)
  3 ball pythons (D:1)
  An endoplasm (D:1)
  2 giant cockroaches (D:1)
  2 goblins (D:1)
  5 hobgoblins (D:1)
  3 kobolds (D:1)
  A quokka (D:1)
  2 frilled lizards (D:1)
  3 rats
25 creatures vanquished.

Notes
Turn   | Place    | Note
-------+----------+-------------------------------------------
     0 | D:1      | protoss039 the Spriggan Enchanter began the quest for the
                  | Orb.
     0 | D:1      | Reached XP level 1. HP: 9/9 MP: 5/5
   311 | D:1      | Reached XP level 2. HP: 8/13 MP: 6/6
   368 | D:1      | Learned a level 2 spell: Ensorcelled Hibernation
   673 | D:1      | Reached skill level 5 in Stealth
  1618 | D:2      | Found Tuunetz's Book Emporium.
  1762 | D:2      | Reached XP level 3. HP: 16/16 MP: 5/8
  1835 | D:2      | Killed from afar by an orc priest

Illustrated notes

Levels and vault maps discovered:
D:1:      dpeg_arrival_water_temple_mockup, layout_rooms, minivault_24
D:2:      layout_basic, serial_shops, shop, shop, shop, nicolae_lakefront_shop,
          shop

Skill      XL: |  1  2 |
---------------+-------+-----
Hexes          | 4 |  4.2
Stealth        | 5 |  5.2
Short Blades   | |  1.1
Dodging        | |  2.8
Spellcasting   | |  2.9
Ice Magic      | |  0.7

Action                   || total
-------------------------++-------
Melee: Dagger            ||    86
       Punch             ||     1
 Cast: Ensorcelled Hiber ||    15
 Stab: Sleeping          ||     9
Armor: Robe              ||     6
Dodge: Dodged            ||    64
